AoeStats
← GoodByeWorld

Arabia

509733773Analyzed
1v1 RM · 4d ago on Sep 27, 2026· 40m 38s· 2 players
Game mode
Random Map
Map size
Tiny (2 player)
Population
200
Speed
Normal
Resources
Standard
Victory
Conquest
Starting age
Dark Age
Ending age
Imperial Age
RankedLock teamsTeams togetherTeam positionsShared explorationLock speedFull tech treeHidden civsTurbo modeCheats
Victory
Defeat
🇻🇪 Burgundians · Venezuela
1260
+15
🇺🇸 Aztecs · United States
1237
-15
rugiero569
6:34 Loom
9:05 Feudal Age
9:40 Double-Bit Axe
15:28 Forging
15:42 Horse Collar
18:17 Wheelbarrow
22:00 Castle Age
20:07 Gold Mining
20:32 Scale Mail Armor
20:39 Arson
22:08 Pikeman
22:48 Squires
24:05 Iron Casting
23:32 Stone Mining
24:24 Chain Mail Armor
24:40 Bow Saw
25:30 Eagle Warrior
36:54 Heavy Plow
GoodByeWorld
10:17 Feudal Age
8:34 Loom
8:43 Double-Bit Axe
13:15 Bow Saw
15:15 Fletching
17:00 Horse Collar
22:09 Castle Age
20:47 Scale Barding Armor
21:23 Heavy Plow
24:59 Forging
25:18 Cavalier
29:54 Wheelbarrow
31:48 Crossbowman
33:27 Bodkin Arrow
37:22 Gold Mining
39:46 Ballistics
Connection lost

Rejoining the realm…

Still unreachable

The connection could not be restored.

Session expired

The server has moved on; the page needs a fresh start.